Kings vs Penguins
(R1)
Created - October 21, 2018 at 19:13
Goals
|
Kings |
1 |
0 |
0 |
1 |
Penguins |
1 |
1 |
1 |
3 |
|
Shots
|
Kings |
11 |
16 |
3 |
30 |
Penguins |
13 |
9 |
16 |
38 |
|
1st period
1. Penguins , Steve Downie 2 (Sam Gagner 2, Sean Zimmerman 2) at 1:49
2. Kings , Pierre-Marc Bouchard 3 (Nikita Kucherov 2, Anze Kopitar 3) at 12:12
Penalties :
Anze Kopitar (LAK) for Cross-checking (Minor) at 7:52, Nikita Kucherov (LAK) for Hooking (Minor) at 12:35
2nd period
3. Penguins , Andrew Cogliano 2 (Steven Stamkos 4, Bobby Ryan 2) at 6:34 (PP)
Penalties :
Bobby Ryan (Pit) for Tripping (Minor) at 0:34, Nikita Kucherov (LAK) for Holding (Minor) at 5:44, Sean Zimmerman (Pit) for Hooking (Minor) at 18:51
3rd period
4. Penguins , Keith Aulie 1 (Riley Sheahan 2, Duncan Keith 2) at 17:50
Penalties :
Johnny Gaudreau (LAK) for Hooking (Minor) at 6:31, Trevor Daley (LAK) for Hooking (Minor) at 18:02
Goalie Stats
Jonathan Bernier (LAK), 35 saves from 38 shots - (0.921), L, 2-2-0, 60:00 minutes
Brian Elliott (Pit), 29 saves from 30 shots - (0.967), W, 1-1-1, 60:00 minutes
Players Stats for Kings
Player Name G A P +/- PIM S H SB GA TA FO MP PP MP PK MP
------------------------------------------------------------------------------------
Anze Kopitar 0 1 1 0 2 6 3 2 0 0 13/20 16:50 2:19 1:15
Cal Clutterbuck 0 0 0 -1 0 0 1 0 0 0 1/2 12:54 0:00 2:10
Drew Doughty 0 0 0 -1 0 3 2 7 0 0 0/0 24:53 2:33 2:53
Guillaume Latendresse 0 0 0 0 0 5 0 0 1 0 5/10 18:31 1:39 5:19
Jean-Gabriel Pageau 0 0 0 -1 0 0 1 0 0 0 5/7 12:12 1:25 0:00
Johnny Gaudreau 0 0 0 0 2 3 0 2 0 1 1/2 17:03 2:19 1:02
Jon Merrill 0 0 0 -1 0 0 0 1 0 4 0/0 24:24 0:00 5:51
Karl Alzner 0 0 0 0 0 0 1 2 0 0 0/0 20:14 1:25 5:51
Nikita Kucherov 0 1 1 0 4 1 0 0 0 0 0/1 13:31 1:39 0:00
Nino Niederreiter 0 0 0 0 0 3 1 1 0 1 0/0 11:44 0:00 0:00
Patric Hornqvist 0 0 0 0 0 3 1 0 1 0 0/1 15:14 2:19 0:00
Paul Martin 0 0 0 0 0 0 2 1 0 2 0/0 17:19 2:33 0:00
Pierre-Marc Bouchard 1 0 1 0 0 1 0 0 1 1 5/14 13:15 1:39 0:00
Radko Gudas 0 0 0 0 0 0 1 4 0 1 0/0 16:32 0:00 2:53
Ramzi Abid 0 0 0 -1 0 1 0 0 0 0 0/0 13:07 0:00 2:23
Scott Hartnell 0 0 0 0 0 3 4 1 0 0 0/0 17:08 0:00 5:19
Trevor Daley 0 0 0 0 2 0 1 0 0 0 0/0 14:36 0:00 0:00
Valtteri Filppula 0 0 0 0 0 1 1 0 0 0 6/11 11:44 0:00 0:00
Players Stats for Penguins
Player Name G A P +/- PIM S H SB GA TA FO MP PP MP PK MP
------------------------------------------------------------------------------------
Andrew Cogliano 1 0 1 0 0 7 2 1 0 0 1/1 22:53 5:35 1:33
Bobby Ryan 0 1 1 0 2 3 0 0 0 0 1/2 22:47 5:35 1:24
Brady Skjei 0 0 0 -1 0 1 1 0 0 0 0/0 11:26 0:00 0:16
D.J King 0 0 0 0 0 2 0 0 1 0 0/0 12:20 0:12 0:12
Dion Phaneuf 0 0 0 1 0 0 1 0 1 2 0/0 28:48 6:33 3:01
Duncan Keith 0 1 1 1 0 1 2 2 1 0 0/0 19:46 2:11 0:40
Eric Gryba 0 0 0 -1 0 3 0 1 0 0 0/0 11:51 0:00 0:41
Josh Jooris 0 0 0 0 0 1 0 0 0 0 0/0 6:33 0:12 0:00
Keith Aulie 1 0 1 1 0 2 1 0 2 0 0/0 21:05 2:11 2:00
Marcus Foligno 0 0 0 0 0 0 0 0 0 0 0/0 6:19 0:00 0:00
Max Pacioretty 0 0 0 1 0 4 1 0 1 0 0/1 17:04 2:57 0:50
Mika Zibanejad 0 0 0 0 0 1 0 0 1 0 1/3 7:15 0:00 0:56
Riley Sheahan 0 1 1 0 0 0 0 1 0 0 7/13 12:28 0:00 0:34
Ryan Callahan 0 0 0 0 0 2 0 0 0 0 1/1 11:54 0:00 0:00
Sam Gagner 0 1 1 1 0 2 3 1 0 0 7/15 16:11 2:57 0:00
Sean Zimmerman 0 1 1 1 2 1 1 2 1 1 0/0 27:04 6:33 1:18
Steve Downie 1 0 1 1 0 2 1 0 0 0 0/0 16:11 2:57 0:00
Steven Stamkos 0 1 1 0 0 6 4 0 2 0 14/32 24:05 5:47 2:27
3 Stars
1 - Brian Elliott (Pit)
2 - Steve Downie (Pit)
3 - Keith Aulie (Pit)
Power Play
Kings - 0 on 2 Attempt(s) - 0.00%
Penguins - 1 on 5 Attempt(s) - 20.00%
Penalty Kill
Kings - 4 on 5 Attempt(s) - 80.00%
- Score 0 goal in Penalty Kill
Penguins - 2 on 2 Attempt(s) - 100.00%
- Score 0 goal in Penalty Kill
Team Stat
Kings - Hits : 19 - Faceoff Wins : 36 - Blocked Shots : 21 - Penalty Minutes : 10
Penguins - Hits : 17 - Faceoff Wins : 32 - Blocked Shots : 8 - Penalty Minutes : 4
Official
Referees : Unknown
Linesman : Unknown
Game Notes
No Game Note
Finance
Level 1 -- Attendance: 5747 (95.78%) -- Ticket Income $471,254
Level 2 -- Attendance: 5000 (100.00%) -- Ticket Income $225,000
Level 3 -- Attendance: 1832 (91.60%) -- Ticket Income $60,456
Level 4 -- Attendance: 3718 (92.95%) -- Ticket Income $92,950
Luxury Box -- Attendance: 1000 (100.00%) -- Ticket Income $160,000
Game was played at the Igloo.
Total Attendance: 17297 (96.09%)
Total Ticket Income: $1,009,660
Other Income: $151,449
Total Income: $1,161,109
Kings
5 vs 5 Forward
Center Left Wing Right Wing Time % Phy DF OF
1 Anze Kopitar Johnny Gaudreau Patric Hornqvist 30 2 1 2
2 Valtteri Filppula Guillaume Latendresse Nino Niederreiter 25 2 1 2
3 Pierre-Marc Bouchard Scott Hartnell Nikita Kucherov 25 1 2 2
4 Jean-Gabriel Pageau Ramzi Abid Cal Clutterbuck 20 1 3 1
5 vs 5 Defense
Defense Defense Time % Phy DF OF
1 Drew Doughty Jon Merrill 40 1 3 1
2 Paul Martin Trevor Daley 35 1 3 1
3 Karl Alzner Radko Gudas 25 1 3 1
4 Drew Doughty Paul Martin 0 1 2 2
PowerPlay Forward
Center Left Wing Right Wing Time % Phy DF OF
1 Anze Kopitar Johnny Gaudreau Patric Hornqvist 60 0 1 4
2 Pierre-Marc Bouchard Guillaume Latendresse Nikita Kucherov 40 0 1 4
PowerPlay Defense
Defense Defense Time % Phy DF OF
1 Drew Doughty Paul Martin 60 0 3 2
2 Jean-Gabriel Pageau Karl Alzner 40 0 3 2
Penalty Kill 4 Players Forward
Center Wing Time % Phy DF OF
1 Guillaume Latendresse Scott Hartnell 60 0 4 1
2 Cal Clutterbuck Ramzi Abid 40 0 4 1
Penalty Kill 4 Players Defense
Defense Defense Time % Phy DF OF
1 Jon Merrill Karl Alzner 60 1 4 0
2 Radko Gudas Drew Doughty 40 1 4 0
Penalty Kill - 3 Players Forward
Forward Time % Phy DF OF
1 Anze Kopitar 60 1 4 0
2 Guillaume Latendresse 40 1 4 0
Penalty Kill - 3 Players Defense
Defense Defense Time % Phy DF OF
1 Drew Doughty Jon Merrill 60 0 5 0
2 Radko Gudas Karl Alzner 40 0 4 0
4 vs 4 Forward
Center Wing Time % Phy DF OF
1 Anze Kopitar Patric Hornqvist 60 1 2 2
2 Pierre-Marc Bouchard Guillaume Latendresse 40 1 2 2
4 vs 4 Defense
Defense Defense Time % Phy DF OF
1 Drew Doughty Karl Alzner 60 1 2 2
2 Trevor Daley Paul Martin 40 1 2 2
Last Minutes Offensive
Center Left Wing Right Wing Defense Defense
Anze Kopitar Guillaume Latendresse Patric Hornqvist Drew Doughty Paul Martin
Last Minutes Defensive
Center Left Wing Right Wing Defense Defense
Anze Kopitar Guillaume Latendresse Nino Niederreiter Drew Doughty Jon Merrill
Goaltenders
Starting : Jonathan Bernier
Backup : Pascal Leclaire
Extra Forwards
Normal : Anze Kopitar, Guillaume Latendresse, Scott Hartnell - PP : Scott Hartnell, Nino Niederreiter - PK : Anze Kopitar
Extra Defensemen
Normal : Drew Doughty, Paul Martin, Karl Alzner - PP : Trevor Daley - PK : Trevor Daley, Paul Martin
Penalty Shots
Anze Kopitar, Guillaume Latendresse, Patric Hornqvist, Nikita Kucherov, Drew Doughty
Scratches
Staffan Kronwall (Healthy)
Penguins
5 vs 5 Forward
Center Left Wing Right Wing Time % Phy DF OF
1 Steven Stamkos Andrew Cogliano Bobby Ryan 40 1 2 2
2 Sam Gagner Max Pacioretty Steve Downie 30 1 2 2
3 Riley Sheahan D.J King Ryan Callahan 20 1 2 2
4 Mika Zibanejad Marcus Foligno Josh Jooris 10 1 2 2
5 vs 5 Defense
Defense Defense Time % Phy DF OF
1 Dion Phaneuf Sean Zimmerman 44 1 2 2
2 Duncan Keith Keith Aulie 33 1 2 2
3 Brady Skjei Eric Gryba 23 1 2 2
4 Dion Phaneuf Sean Zimmerman 0 1 2 2
PowerPlay Forward
Center Left Wing Right Wing Time % Phy DF OF
1 Steven Stamkos Andrew Cogliano Bobby Ryan 60 1 2 2
2 Sam Gagner Max Pacioretty Steve Downie 40 1 2 2
PowerPlay Defense
Defense Defense Time % Phy DF OF
1 Dion Phaneuf Sean Zimmerman 60 1 2 2
2 Duncan Keith Keith Aulie 40 1 2 2
Penalty Kill 4 Players Forward
Center Wing Time % Phy DF OF
1 Steven Stamkos Bobby Ryan 60 1 2 2
2 Riley Sheahan Andrew Cogliano 40 1 2 2
Penalty Kill 4 Players Defense
Defense Defense Time % Phy DF OF
1 Dion Phaneuf Sean Zimmerman 60 1 2 2
2 Eric Gryba Keith Aulie 40 1 2 2
Penalty Kill - 3 Players Forward
Forward Time % Phy DF OF
1 Andrew Cogliano 60 1 2 2
2 Bobby Ryan 40 1 2 2
Penalty Kill - 3 Players Defense
Defense Defense Time % Phy DF OF
1 Dion Phaneuf Sean Zimmerman 60 1 2 2
2 Eric Gryba Keith Aulie 40 1 2 2
4 vs 4 Forward
Center Wing Time % Phy DF OF
1 Steven Stamkos Bobby Ryan 60 1 2 2
2 Sam Gagner Max Pacioretty 40 1 2 2
4 vs 4 Defense
Defense Defense Time % Phy DF OF
1 Dion Phaneuf Sean Zimmerman 60 1 2 2
2 Duncan Keith Keith Aulie 40 1 2 2
Last Minutes Offensive
Center Left Wing Right Wing Defense Defense
Steven Stamkos Andrew Cogliano Bobby Ryan Dion Phaneuf Sean Zimmerman
Last Minutes Defensive
Center Left Wing Right Wing Defense Defense
Steven Stamkos Andrew Cogliano Bobby Ryan Dion Phaneuf Sean Zimmerman
Goaltenders
Starting : Brian Elliott
Backup : Josh Tordjman
Extra Forwards
Normal : Steve Downie, Sam Gagner, Max Pacioretty - PP : Steve Downie, Sam Gagner - PK : Max Pacioretty
Extra Defensemen
Normal : Sean Zimmerman, Keith Aulie, Eric Gryba - PP : Dion Phaneuf - PK : Sean Zimmerman, Keith Aulie
Penalty Shots
Steven Stamkos, Bobby Ryan, Andrew Cogliano, Mika Zibanejad, Steve Downie
Scratches
Dominic Moore (Healthy), Paul Ranger (Healthy), Riley Armstrong (Healthy)
% Time on Ice - Kings
Lines # - Real PCT - Wanted PCT - Time Play
Normal Forward
1 - 28% - 30% - 13:14
2 - 26% - 25% - 12:16
3 - 24% - 25% - 11:34
4 - 22% - 20% - 10:14
Normal Defense
1 - 40% - 40% - 18:42
2 - 34% - 35% - 16:14
3 - 26% - 25% - 12:22
4 - 0% - 0% - 0:00
PP Forward
1 - 58% - 60% - 2:19
2 - 42% - 40% - 1:39
PP Defense
1 - 64% - 60% - 2:33
2 - 36% - 40% - 1:25
PK Forward
1 - 75% - 60% - 6:34
2 - 25% - 40% - 2:10
PK Defense
1 - 67% - 60% - 5:51
2 - 33% - 40% - 2:53
PK3 Forward
1 - 0% - 60%
2 - 0% - 40%
PK3 Defense
1 - 0% - 60%
2 - 0% - 40%
44 Forward
1 - 0% - 60%
2 - 0% - 40%
44 Defense
1 - 0% - 60%
2 - 0% - 40%
Last Minute Offensive - 0:00
Last Minute Defensive - 0:00
Total
Forward - 60:00
Defense - 60:00
|
% Time on Ice - Penguins
Lines # - Real PCT - Wanted PCT - Time Play
Normal Forward
1 - 34% - 40% - 15:51
2 - 28% - 30% - 13:14
3 - 25% - 20% - 11:54
4 - 13% - 10% - 6:19
Normal Defense
1 - 41% - 44% - 19:14
2 - 36% - 33% - 16:54
3 - 24% - 23% - 11:10
4 - 0% - 0% - 0:00
PP Forward
1 - 66% - 60% - 5:47
2 - 34% - 40% - 2:57
PP Defense
1 - 75% - 60% - 6:33
2 - 25% - 40% - 2:11
PK Forward
1 - 86% - 60% - 3:24
2 - 14% - 40% - 0:34
PK Defense
1 - 83% - 60% - 3:17
2 - 17% - 40% - 0:41
PK3 Forward
1 - 0% - 60%
2 - 0% - 40%
PK3 Defense
1 - 0% - 60%
2 - 0% - 40%
44 Forward
1 - 0% - 60%
2 - 0% - 40%
44 Defense
1 - 0% - 60%
2 - 0% - 40%
Last Minute Offensive - 0:00
Last Minute Defensive - 0:00
Total
Forward - 60:00
Defense - 60:00
|
Play by Play
1st period
0:01 of 1st period - Anze Kopitar wins face-off versus Steven Stamkos in neutral zone.
0:16 of 1st period - Snap shot by Steven Stamkos.
0:16 of 1st period - Stopped by Jonathan Bernier without a rebound.
0:17 of 1st period - Valtteri Filppula wins face-off versus Sam Gagner in Kings zone.
0:17 of 1st period - Valtteri Filppula is hit by Steve Downie.
0:23 of 1st period - Steve Downie is hit by Nino Niederreiter and loses puck.
0:32 of 1st period - Snap shot by Guillaume Latendresse.
0:32 of 1st period - Stopped by Brian Elliott with a rebound.
1:27 of 1st period - Icing by Karl Alzner.
1:28 of 1st period - Bobby Ryan wins face-off versus Anze Kopitar in Kings zone.
1:35 of 1st period - Snap shot by Steven Stamkos.
1:35 of 1st period - Stopped by Jonathan Bernier without a rebound.
1:36 of 1st period - Pierre-Marc Bouchard wins face-off versus Sam Gagner in Kings zone.
1:49 of 1st period - Slapshot by Sam Gagner.
1:49 of 1st period - Deflect By Steve Downie.
1:49 of 1st period - Goal by Steve Downie - Kings : 0 - Penguins : 1.
1:50 of 1st period - Anze Kopitar wins face-off versus Steven Stamkos in neutral zone.
1:55 of 1st period - Slapshot by Anze Kopitar.
1:55 of 1st period - Stopped by Brian Elliott without a rebound.
1:56 of 1st period - Anze Kopitar wins face-off versus Steven Stamkos in Penguins zone.
1:59 of 1st period - Slapshot by Anze Kopitar.
1:59 of 1st period - Deflect By Patric Hornqvist.
1:59 of 1st period - Stopped by Brian Elliott with a rebound.
2:01 of 1st period - Slapshot by Johnny Gaudreau.
2:01 of 1st period - Stopped by Brian Elliott without a rebound.
2:02 of 1st period - Valtteri Filppula wins face-off versus Steven Stamkos in Penguins zone.
2:06 of 1st period - Slapshot by Valtteri Filppula.
2:06 of 1st period - Stopped by Brian Elliott without a rebound.
2:07 of 1st period - Steven Stamkos wins face-off versus Valtteri Filppula in Penguins zone.
2:16 of 1st period - Slapshot by Steven Stamkos.
2:16 of 1st period - Stopped by Jonathan Bernier with a rebound.
2:22 of 1st period - Slapshot by Drew Doughty.
2:22 of 1st period - Shot Blocked by Sean Zimmerman.
3:22 of 1st period - Snap shot by Scott Hartnell.
3:22 of 1st period - Shot Blocked by Duncan Keith.
3:24 of 1st period - Snap shot by Scott Hartnell.
3:24 of 1st period - Stopped by Brian Elliott with a rebound.
3:55 of 1st period - Cal Clutterbuck is hit by Keith Aulie and loses puck.
4:20 of 1st period - Snap shot by Patric Hornqvist.
4:20 of 1st period - Shot Hit the Post.
5:27 of 1st period - Snap shot by Guillaume Latendresse.
5:27 of 1st period - Stopped by Brian Elliott without a rebound.
5:28 of 1st period - Mika Zibanejad wins face-off versus Patric Hornqvist in Penguins zone.
5:38 of 1st period - Icing by Keith Aulie.
5:39 of 1st period - Jean-Gabriel Pageau wins face-off versus Mika Zibanejad in Penguins zone.
6:38 of 1st period - Dion Phaneuf is hit by Scott Hartnell and loses puck.
7:05 of 1st period - Wrist shot by Ryan Callahan.
7:05 of 1st period - Shot Blocked by Nino Niederreiter.
7:35 of 1st period - Max Pacioretty is hit by Anze Kopitar and loses puck.
7:52 of 1st period - Minor Penalty to Anze Kopitar for Cross-checking.
7:53 of 1st period - Steven Stamkos wins face-off versus Guillaume Latendresse in Kings zone.
8:04 of 1st period - Snap shot by Steven Stamkos.
8:04 of 1st period - Stopped by Jonathan Bernier without a rebound.
8:05 of 1st period - Guillaume Latendresse wins face-off versus Bobby Ryan in Kings zone.
8:30 of 1st period - Scott Hartnell is hit by Sean Zimmerman and loses puck.
8:53 of 1st period - Wrist shot by Ramzi Abid.
8:53 of 1st period - Stopped by Brian Elliott without a rebound.
8:54 of 1st period - Cal Clutterbuck wins face-off versus Steven Stamkos in Penguins zone.
9:19 of 1st period - Slapshot by Max Pacioretty.
9:19 of 1st period - Stopped by Jonathan Bernier without a rebound.
9:20 of 1st period - Guillaume Latendresse wins face-off versus Sam Gagner in Kings zone.
9:47 of 1st period - Snap shot by Max Pacioretty.
9:47 of 1st period - Stopped by Jonathan Bernier without a rebound.
9:48 of 1st period - Guillaume Latendresse wins face-off versus Steven Stamkos in Kings zone.
9:52 of 1st period - Penalty to Anze Kopitar is over, Anze Kopitar is back on ice.
10:22 of 1st period - Wrist shot by Guillaume Latendresse.
10:22 of 1st period - Shot Blocked by Riley Sheahan.
10:24 of 1st period - Slapshot by Karl Alzner.
10:24 of 1st period - Deflect By Guillaume Latendresse.
10:24 of 1st period - Stopped by Brian Elliott without a rebound.
10:25 of 1st period - Steven Stamkos wins face-off versus Pierre-Marc Bouchard in Penguins zone.
10:52 of 1st period - Karl Alzner is hit by Sam Gagner and loses puck.
11:17 of 1st period - Guillaume Latendresse is hit by Dion Phaneuf.
11:21 of 1st period - Sean Zimmerman is hit by Drew Doughty and loses puck.
11:46 of 1st period - Slapshot by Drew Doughty.
11:46 of 1st period - Shot Blocked by Eric Gryba.
12:12 of 1st period - Wrist shot by Pierre-Marc Bouchard.
12:12 of 1st period - Goal by Pierre-Marc Bouchard - Kings : 1 - Penguins : 1.
12:13 of 1st period - Andrew Cogliano wins face-off versus Pierre-Marc Bouchard in neutral zone.
12:13 of 1st period - Andrew Cogliano is hit by Scott Hartnell.
12:17 of 1st period - Scott Hartnell is hit by Steven Stamkos and loses puck.
12:35 of 1st period - Minor Penalty to Nikita Kucherov for Hooking.
12:36 of 1st period - Guillaume Latendresse wins face-off versus Steven Stamkos in Kings zone.
14:35 of 1st period - Penalty to Nikita Kucherov is over, Nikita Kucherov is back on ice.
15:37 of 1st period - Icing by Riley Sheahan.
15:38 of 1st period - Jean-Gabriel Pageau wins face-off versus Riley Sheahan in Penguins zone.
15:42 of 1st period - Icing by D.J King.
15:43 of 1st period - Anze Kopitar wins face-off versus Riley Sheahan in Penguins zone.
16:27 of 1st period - Off-side.
16:28 of 1st period - Sam Gagner wins face-off versus Cal Clutterbuck in neutral zone.
16:31 of 1st period - Jon Merrill is hit by Max Pacioretty and loses puck.
16:42 of 1st period - Drew Doughty is hit by Sam Gagner and loses puck.
17:20 of 1st period - Snap shot by Max Pacioretty.
17:20 of 1st period - Stopped by Jonathan Bernier with a rebound.
17:30 of 1st period - Keith Aulie is hit by Cal Clutterbuck and loses puck.
18:17 of 1st period - Wrist shot by Max Pacioretty.
18:17 of 1st period - Stopped by Jonathan Bernier without a rebound.
18:18 of 1st period - Anze Kopitar wins face-off versus Steven Stamkos in Kings zone.
18:25 of 1st period - Wrist shot by Bobby Ryan.
18:25 of 1st period - Stopped by Jonathan Bernier with a rebound.
18:27 of 1st period - Snap shot by Andrew Cogliano.
18:27 of 1st period - Stopped by Jonathan Bernier without a rebound.
18:28 of 1st period - Johnny Gaudreau wins face-off versus Steven Stamkos in Kings zone.
18:47 of 1st period - Snap shot by Johnny Gaudreau.
18:47 of 1st period - Shot Misses the Net.
19:28 of 1st period - Snap shot by Bobby Ryan.
19:28 of 1st period - Stopped by Jonathan Bernier with a rebound.
19:30 of 1st period - Wrist shot by Andrew Cogliano.
19:30 of 1st period - Stopped by Jonathan Bernier without a rebound.
19:31 of 1st period - Ryan Callahan wins face-off versus Pierre-Marc Bouchard in Kings zone.
19:44 of 1st period - Snap shot by Nikita Kucherov.
19:44 of 1st period - Stopped by Brian Elliott without a rebound.
19:45 of 1st period - Valtteri Filppula wins face-off versus Riley Sheahan in Penguins zone.
19:54 of 1st period - Ryan Callahan is hit by Drew Doughty.
Goals for this period are 1 for Kings vs 1 for Penguins.
Shots for this period are 11 for Kings vs 13 for Penguins.
2nd period
0:01 of 2nd period - Pierre-Marc Bouchard wins face-off versus Steven Stamkos in neutral zone.
0:10 of 2nd period - Wrist shot by Scott Hartnell.
0:10 of 2nd period - Stopped by Brian Elliott with a rebound.
0:12 of 2nd period - Snap shot by Drew Doughty.
0:12 of 2nd period - Stopped by Brian Elliott without a rebound.
0:13 of 2nd period - Steven Stamkos wins face-off versus Valtteri Filppula in Penguins zone.
0:28 of 2nd period - Snap shot by Drew Doughty.
0:28 of 2nd period - Stopped by Brian Elliott with a rebound.
0:34 of 2nd period - Minor Penalty to Bobby Ryan for Tripping.
0:35 of 2nd period - Steven Stamkos wins face-off versus Anze Kopitar in Penguins zone.
2:01 of 2nd period - Mika Zibanejad is hit by Karl Alzner and loses puck.
2:18 of 2nd period - Mika Zibanejad is hit by Anze Kopitar and loses puck.
2:29 of 2nd period - Paul Martin is hit by Steven Stamkos and loses puck.
2:34 of 2nd period - Penalty to Bobby Ryan is over, Bobby Ryan is back on ice.
3:06 of 2nd period - Snap shot by Max Pacioretty.
3:06 of 2nd period - Shot Blocked by Drew Doughty.
3:08 of 2nd period - Slapshot by Duncan Keith.
3:08 of 2nd period - Shot Blocked by Drew Doughty.
3:48 of 2nd period - Brady Skjei is hit by Radko Gudas and loses puck.
5:02 of 2nd period - Snap shot by Ryan Callahan.
5:02 of 2nd period - Stopped by Jonathan Bernier without a rebound.
5:03 of 2nd period - Riley Sheahan wins face-off versus Valtteri Filppula in Kings zone.
5:04 of 2nd period - Snap shot by Ryan Callahan.
5:04 of 2nd period - Stopped by Jonathan Bernier with a rebound.
5:16 of 2nd period - Snap shot by Patric Hornqvist.
5:16 of 2nd period - Stopped by Brian Elliott without a rebound.
5:17 of 2nd period - Anze Kopitar wins face-off versus Steven Stamkos in Penguins zone.
5:34 of 2nd period - Backhand shot by Anze Kopitar.
5:34 of 2nd period - Stopped by Brian Elliott without a rebound.
5:35 of 2nd period - Sam Gagner wins face-off versus Pierre-Marc Bouchard in Penguins zone.
5:35 of 2nd period - Sam Gagner is hit by Paul Martin.
5:44 of 2nd period - Minor Penalty to Nikita Kucherov for Holding.
5:45 of 2nd period - Steven Stamkos wins face-off versus Guillaume Latendresse in Kings zone.
6:30 of 2nd period - Wrist shot by Steven Stamkos.
6:30 of 2nd period - Shot Misses the Net.
6:32 of 2nd period - Wrist shot by Andrew Cogliano.
6:32 of 2nd period - Stopped by Jonathan Bernier with a rebound.
6:34 of 2nd period - Snap shot by Andrew Cogliano.
6:34 of 2nd period - Goal by Andrew Cogliano - Kings : 1 - Penguins : 2.
6:35 of 2nd period - Sam Gagner wins face-off versus Pierre-Marc Bouchard in neutral zone.
6:38 of 2nd period - Slapshot by Keith Aulie.
6:38 of 2nd period - Stopped by Jonathan Bernier without a rebound.
6:39 of 2nd period - Pierre-Marc Bouchard wins face-off versus Max Pacioretty in Kings zone.
6:44 of 2nd period - Steve Downie is hit by Scott Hartnell and loses puck.
7:45 of 2nd period - Slapshot by Keith Aulie.
7:45 of 2nd period - Shot Misses the Net.
7:57 of 2nd period - Backhand shot by Josh Jooris.
7:57 of 2nd period - Shot Blocked by Drew Doughty.
9:37 of 2nd period - Wrist shot by Sam Gagner.
9:37 of 2nd period - Shot Misses the Net.
9:39 of 2nd period - Slapshot by Sam Gagner.
9:39 of 2nd period - Stopped by Jonathan Bernier without a rebound.
9:40 of 2nd period - Anze Kopitar wins face-off versus Steven Stamkos in Kings zone.
10:51 of 2nd period - Backhand shot by Josh Jooris.
10:51 of 2nd period - Shot Misses the Net.
10:53 of 2nd period - Wrist shot by Mika Zibanejad.
10:53 of 2nd period - Stopped by Jonathan Bernier without a rebound.
10:54 of 2nd period - Jean-Gabriel Pageau wins face-off versus Mika Zibanejad in Kings zone.
11:03 of 2nd period - Snap shot by Ramzi Abid.
11:03 of 2nd period - Deflect By Jean-Gabriel Pageau.
11:03 of 2nd period - Shot Misses the Net.
11:03 of 2nd period - Puck is out of play.
11:04 of 2nd period - Anze Kopitar wins face-off versus Steven Stamkos in Penguins zone.
11:58 of 2nd period - Snap shot by Jean-Gabriel Pageau.
11:58 of 2nd period - Shot Misses the Net.
12:08 of 2nd period - Snap shot by Jean-Gabriel Pageau.
12:08 of 2nd period - Shot Blocked by Sam Gagner.
12:58 of 2nd period - Andrew Cogliano is hit by Scott Hartnell and loses puck.
13:28 of 2nd period - Slapshot by Nino Niederreiter.
13:28 of 2nd period - Stopped by Brian Elliott without a rebound.
13:29 of 2nd period - Anze Kopitar wins face-off versus Riley Sheahan in Penguins zone.
13:37 of 2nd period - Off-side.
13:38 of 2nd period - Anze Kopitar wins face-off versus Riley Sheahan in neutral zone.
13:54 of 2nd period - Wrist shot by Patric Hornqvist.
13:54 of 2nd period - Stopped by Brian Elliott without a rebound.
13:55 of 2nd period - Valtteri Filppula wins face-off versus Steven Stamkos in Penguins zone.
13:56 of 2nd period - Wrist shot by Nino Niederreiter.
13:56 of 2nd period - Deflect By Keith Aulie.
13:56 of 2nd period - Stopped by Brian Elliott with a rebound.
14:00 of 2nd period - Snap shot by Nino Niederreiter.
14:00 of 2nd period - Stopped by Brian Elliott with a rebound.
14:02 of 2nd period - Snap shot by Jon Merrill.
14:02 of 2nd period - Deflect By Nino Niederreiter.
14:02 of 2nd period - Shot Misses the Net.
14:02 of 2nd period - Puck is out of play.
14:03 of 2nd period - Valtteri Filppula wins face-off versus Steven Stamkos in Penguins zone.
14:04 of 2nd period - Slapshot by Drew Doughty.
14:04 of 2nd period - Shot Misses the Net.
14:25 of 2nd period - Off-side.
14:26 of 2nd period - Anze Kopitar wins face-off versus Sam Gagner in neutral zone.
14:31 of 2nd period - Slapshot by Johnny Gaudreau.
14:31 of 2nd period - Shot Misses the Net.
14:33 of 2nd period - Snap shot by Anze Kopitar.
14:33 of 2nd period - Stopped by Brian Elliott with a rebound.
14:35 of 2nd period - Slapshot by Trevor Daley.
14:35 of 2nd period - Shot Blocked by Sean Zimmerman.
15:21 of 2nd period - Snap shot by Guillaume Latendresse.
15:21 of 2nd period - Deflect By Valtteri Filppula.
15:21 of 2nd period - Shot Misses the Net.
15:21 of 2nd period - Puck is out of play.
15:22 of 2nd period - Valtteri Filppula wins face-off versus Sam Gagner in Penguins zone.
15:47 of 2nd period - Andrew Cogliano is hit by Patric Hornqvist and loses puck.
16:49 of 2nd period - Drew Doughty is hit by Steven Stamkos and loses puck.
16:56 of 2nd period - Wrist shot by Guillaume Latendresse.
16:56 of 2nd period - Shot Blocked by Andrew Cogliano.
17:35 of 2nd period - Snap shot by Scott Hartnell.
17:35 of 2nd period - Stopped by Brian Elliott without a rebound.
17:36 of 2nd period - Riley Sheahan wins face-off versus Pierre-Marc Bouchard in Penguins zone.
17:36 of 2nd period - Riley Sheahan is hit by Paul Martin.
17:47 of 2nd period - Off-side.
17:48 of 2nd period - Anze Kopitar wins face-off versus Steven Stamkos in neutral zone.
17:51 of 2nd period - Slapshot by Paul Martin.
17:51 of 2nd period - Shot Misses the Net.
17:53 of 2nd period - Snap shot by Anze Kopitar.
17:53 of 2nd period - Shot Misses the Net.
17:57 of 2nd period - Slapshot by Johnny Gaudreau.
17:57 of 2nd period - Shot Misses the Net.
17:59 of 2nd period - Snap shot by Anze Kopitar.
17:59 of 2nd period - Stopped by Brian Elliott without a rebound.
18:00 of 2nd period - Anze Kopitar wins face-off versus Steven Stamkos in Penguins zone.
18:27 of 2nd period - Nikita Kucherov is hit by Sam Gagner and loses puck.
18:32 of 2nd period - Wrist shot by Sam Gagner.
18:32 of 2nd period - Shot Hit the Post.
18:34 of 2nd period - Snap shot by Sam Gagner.
18:34 of 2nd period - Shot Misses the Net.
18:36 of 2nd period - Wrist shot by Sam Gagner.
18:36 of 2nd period - Stopped by Jonathan Bernier without a rebound.
18:37 of 2nd period - Riley Sheahan wins face-off versus Valtteri Filppula in Kings zone.
18:38 of 2nd period - Slapshot by D.J King.
18:38 of 2nd period - Stopped by Jonathan Bernier with a rebound.
18:48 of 2nd period - Snap shot by Guillaume Latendresse.
18:48 of 2nd period - Stopped by Brian Elliott without a rebound.
18:49 of 2nd period - Steven Stamkos wins face-off versus Pierre-Marc Bouchard in Penguins zone.
18:51 of 2nd period - Minor Penalty to Sean Zimmerman for Hooking.
18:52 of 2nd period - Steven Stamkos wins face-off versus Anze Kopitar in Penguins zone.
19:00 of 2nd period - Backhand shot by Anze Kopitar.
19:00 of 2nd period - Stopped by Brian Elliott with a rebound.
19:02 of 2nd period - Slapshot by Drew Doughty.
19:02 of 2nd period - Shot Misses the Net.
19:04 of 2nd period - Wrist shot by Johnny Gaudreau.
19:04 of 2nd period - Stopped by Brian Elliott with a rebound.
19:06 of 2nd period - Snap shot by Anze Kopitar.
19:06 of 2nd period - Stopped by Brian Elliott with a rebound.
Goals for this period are 0 for Kings vs 1 for Penguins.
Shots for this period are 16 for Kings vs 9 for Penguins.
3rd period
0:01 of 3rd period - Steven Stamkos wins face-off versus Anze Kopitar in neutral zone.
0:06 of 3rd period - Anze Kopitar is hit by Steven Stamkos and loses puck.
0:13 of 3rd period - Wrist shot by Bobby Ryan.
0:13 of 3rd period - Shot Misses the Net.
0:15 of 3rd period - Wrist shot by Dion Phaneuf.
0:15 of 3rd period - Shot Blocked by Drew Doughty.
0:17 of 3rd period - Wrist shot by Bobby Ryan.
0:17 of 3rd period - Shot Blocked by Paul Martin.
0:51 of 3rd period - Penalty to Sean Zimmerman is over, Sean Zimmerman is back on ice.
1:07 of 3rd period - Wrist shot by Steve Downie.
1:07 of 3rd period - Shot Misses the Net.
1:37 of 3rd period - Wrist shot by D.J King.
1:37 of 3rd period - Shot Misses the Net.
1:51 of 3rd period - Backhand shot by Eric Gryba.
1:51 of 3rd period - Stopped by Jonathan Bernier without a rebound.
1:52 of 3rd period - Jean-Gabriel Pageau wins face-off versus Sam Gagner in Kings zone.
2:49 of 3rd period - Snap shot by Guillaume Latendresse.
2:49 of 3rd period - Stopped by Brian Elliott without a rebound.
2:50 of 3rd period - Sam Gagner wins face-off versus Valtteri Filppula in Penguins zone.
2:50 of 3rd period - Sam Gagner is hit by Valtteri Filppula.
4:05 of 3rd period - Sean Zimmerman is hit by Jean-Gabriel Pageau.
4:55 of 3rd period - Wrist shot by Bobby Ryan.
4:55 of 3rd period - Deflect By Anze Kopitar.
4:55 of 3rd period - Shot Misses the Net.
4:55 of 3rd period - Puck is out of play.
4:56 of 3rd period - Steven Stamkos wins face-off versus Nikita Kucherov in Kings zone.
5:01 of 3rd period - Snap shot by Steven Stamkos.
5:01 of 3rd period - Stopped by Jonathan Bernier with a rebound.
5:07 of 3rd period - Wrist shot by Bobby Ryan.
5:07 of 3rd period - Shot Misses the Net.
5:09 of 3rd period - Slapshot by Eric Gryba.
5:09 of 3rd period - Stopped by Jonathan Bernier with a rebound.
5:11 of 3rd period - Snap shot by Bobby Ryan.
5:11 of 3rd period - Shot Blocked by Radko Gudas.
5:23 of 3rd period - Radko Gudas is hit by Brady Skjei and loses puck.
5:34 of 3rd period - Snap shot by D.J King.
5:34 of 3rd period - Shot Blocked by Scott Hartnell.
5:36 of 3rd period - Slapshot by Ryan Callahan.
5:36 of 3rd period - Shot Blocked by Karl Alzner.
6:11 of 3rd period - Keith Aulie is hit by Trevor Daley and loses puck.
6:22 of 3rd period - Snap shot by Andrew Cogliano.
6:22 of 3rd period - Stopped by Jonathan Bernier without a rebound.
6:23 of 3rd period - Riley Sheahan wins face-off versus Johnny Gaudreau in Kings zone.
6:31 of 3rd period - Minor Penalty to Johnny Gaudreau for Hooking.
6:32 of 3rd period - Steven Stamkos wins face-off versus Guillaume Latendresse in Kings zone.
6:32 of 3rd period - Slapshot by Bobby Ryan.
6:32 of 3rd period - Stopped by Jonathan Bernier with a rebound.
6:34 of 3rd period - Snap shot by Andrew Cogliano.
6:34 of 3rd period - Stopped by Jonathan Bernier without a rebound.
6:35 of 3rd period - Steven Stamkos wins face-off versus Guillaume Latendresse in Kings zone.
7:58 of 3rd period - Scott Hartnell is hit by Andrew Cogliano and loses puck.
8:31 of 3rd period - Penalty to Johnny Gaudreau is over, Johnny Gaudreau is back on ice.
8:50 of 3rd period - Snap shot by Steven Stamkos.
8:50 of 3rd period - Shot Blocked by Johnny Gaudreau.
9:00 of 3rd period - Snap shot by Johnny Gaudreau.
9:00 of 3rd period - Stopped by Brian Elliott without a rebound.
9:01 of 3rd period - Sam Gagner wins face-off versus Anze Kopitar in Penguins zone.
9:01 of 3rd period - Sam Gagner is hit by Anze Kopitar.
9:25 of 3rd period - Trevor Daley is hit by Duncan Keith and loses puck.
9:30 of 3rd period - Snap shot by Riley Sheahan.
9:30 of 3rd period - Shot Misses the Net.
9:32 of 3rd period - Snap shot by Riley Sheahan.
9:32 of 3rd period - Shot Misses the Net.
9:34 of 3rd period - Slapshot by D.J King.
9:34 of 3rd period - Shot Misses the Net.
10:38 of 3rd period - Snap shot by D.J King.
10:38 of 3rd period - Stopped by Jonathan Bernier without a rebound.
10:39 of 3rd period - Riley Sheahan wins face-off versus Anze Kopitar in Kings zone.
10:48 of 3rd period - Wrist shot by Riley Sheahan.
10:48 of 3rd period - Shot Misses the Net.
10:50 of 3rd period - Slapshot by Keith Aulie.
10:50 of 3rd period - Shot Misses the Net.
10:52 of 3rd period - Backhand shot by Duncan Keith.
10:52 of 3rd period - Stopped by Jonathan Bernier with a rebound.
10:54 of 3rd period - Snap shot by D.J King.
10:54 of 3rd period - Shot Misses the Net.
10:56 of 3rd period - Wrist shot by Riley Sheahan.
10:56 of 3rd period - Deflect By Ryan Callahan.
10:56 of 3rd period - Shot Blocked by Anze Kopitar.
10:56 of 3rd period - Puck is out of play.
10:57 of 3rd period - Pierre-Marc Bouchard wins face-off versus Sam Gagner in Kings zone.
11:04 of 3rd period - Slapshot by Drew Doughty.
11:04 of 3rd period - Stopped by Brian Elliott without a rebound.
11:05 of 3rd period - Sam Gagner wins face-off versus Pierre-Marc Bouchard in Penguins zone.
12:33 of 3rd period - Off-side.
12:34 of 3rd period - Steven Stamkos wins face-off versus Pierre-Marc Bouchard in neutral zone.
12:37 of 3rd period - Slapshot by Keith Aulie.
12:37 of 3rd period - Shot Misses the Net.
13:46 of 3rd period - Snap shot by Josh Jooris.
13:46 of 3rd period - Shot Blocked by Radko Gudas.
13:48 of 3rd period - Slapshot by Eric Gryba.
13:48 of 3rd period - Shot Misses the Net.
13:50 of 3rd period - Wrist shot by Josh Jooris.
13:50 of 3rd period - Stopped by Jonathan Bernier with a rebound.
13:52 of 3rd period - Slapshot by Eric Gryba.
13:52 of 3rd period - Stopped by Jonathan Bernier with a rebound.
13:54 of 3rd period - Snap shot by Brady Skjei.
13:54 of 3rd period - Stopped by Jonathan Bernier with a rebound.
14:42 of 3rd period - Snap shot by Bobby Ryan.
14:42 of 3rd period - Shot Blocked by Karl Alzner.
15:00 of 3rd period - Snap shot by Steven Stamkos.
15:00 of 3rd period - Shot Blocked by Radko Gudas.
15:02 of 3rd period - Snap shot by Dion Phaneuf.
15:02 of 3rd period - Shot Blocked by Radko Gudas.
15:04 of 3rd period - Wrist shot by Steven Stamkos.
15:04 of 3rd period - Stopped by Jonathan Bernier with a rebound.
15:28 of 3rd period - Snap shot by Steven Stamkos.
15:28 of 3rd period - Shot Misses the Net.
16:02 of 3rd period - Wrist shot by Andrew Cogliano.
16:02 of 3rd period - Stopped by Jonathan Bernier with a rebound.
16:04 of 3rd period - Slapshot by Sean Zimmerman.
16:04 of 3rd period - Deflect By Guillaume Latendresse.
16:04 of 3rd period - Stopped by Jonathan Bernier without a rebound.
16:05 of 3rd period - Riley Sheahan wins face-off versus Jean-Gabriel Pageau in Kings zone.
16:08 of 3rd period - Snap shot by D.J King.
16:08 of 3rd period - Shot Misses the Net.
16:10 of 3rd period - Slapshot by Duncan Keith.
16:10 of 3rd period - Deflect By D.J King.
16:10 of 3rd period - Shot Misses the Net.
16:10 of 3rd period - Puck is out of play.
16:11 of 3rd period - Jean-Gabriel Pageau wins face-off versus Riley Sheahan in Kings zone.
16:13 of 3rd period - Icing by Drew Doughty.
16:14 of 3rd period - Riley Sheahan wins face-off versus Jean-Gabriel Pageau in Kings zone.
16:35 of 3rd period - Drew Doughty is hit by Duncan Keith.
16:59 of 3rd period - Backhand shot by Drew Doughty.
16:59 of 3rd period - Shot Blocked by Duncan Keith.
17:42 of 3rd period - Wrist shot by Riley Sheahan.
17:42 of 3rd period - Shot Misses the Net.
17:44 of 3rd period - Wrist shot by Ryan Callahan.
17:44 of 3rd period - Shot Blocked by Jon Merrill.
17:46 of 3rd period - Slapshot by Duncan Keith.
17:46 of 3rd period - Shot Misses the Net.
17:48 of 3rd period - Snap shot by Riley Sheahan.
17:48 of 3rd period - Shot Blocked by Drew Doughty.
17:50 of 3rd period - Slapshot by Keith Aulie.
17:50 of 3rd period - Goal by Keith Aulie - Kings : 1 - Penguins : 3.
17:51 of 3rd period - Pierre-Marc Bouchard wins face-off versus Sam Gagner in neutral zone.
18:02 of 3rd period - Minor Penalty to Trevor Daley for Hooking.
18:03 of 3rd period - Steven Stamkos wins face-off versus Guillaume Latendresse in Kings zone.
18:18 of 3rd period - Karl Alzner is hit by Andrew Cogliano and loses puck.
18:44 of 3rd period - Icing by Steve Downie.
18:45 of 3rd period - Sam Gagner wins face-off versus Anze Kopitar in Penguins zone.
18:54 of 3rd period - Backhand shot by Max Pacioretty.
18:54 of 3rd period - Shot Blocked by Drew Doughty.
18:56 of 3rd period - Slapshot by Dion Phaneuf.
18:56 of 3rd period - Shot Blocked by Anze Kopitar.
18:58 of 3rd period - Slapshot by Steve Downie.
18:58 of 3rd period - Shot Blocked by Johnny Gaudreau.
19:00 of 3rd period - Slapshot by Dion Phaneuf.
19:00 of 3rd period - Shot Blocked by Drew Doughty.
19:06 of 3rd period - Snap shot by Max Pacioretty.
19:06 of 3rd period - Shot Misses the Net.
19:22 of 3rd period - Slapshot by Sam Gagner.
19:22 of 3rd period - Shot Misses the Net.
19:24 of 3rd period - Slapshot by Steve Downie.
19:24 of 3rd period - Stopped by Jonathan Bernier without a rebound.
19:25 of 3rd period - Guillaume Latendresse wins face-off versus Steven Stamkos in Kings zone.
Goals for this period are 0 for Kings vs 1 for Penguins.
Shots for this period are 3 for Kings vs 16 for Penguins.
Back to the Top